 Dungeon Crawl Stone Soup version 0.29-a0-233-g1125b37a9b (webtiles) character file.

Game seed: 12941009272456800609

1614 croobank the Sneak (level 8, -5/46 HPs)
             Began as an Octopode Fire Elementalist on Mar 1, 2022.
             Was an Initiate of Ashenzari.
             Slain by a white ugly thing (8 damage)
             ... on level 6 of the Dungeon.
             The game lasted 00:21:52 (6216 turns).

croobank the Sneak (Octopode Fire Elementalist)     Turns: 6216, Time: 00:21:52

Health: -5/46      AC:  1    Str: 13    XL:     8   Next: 95%
Magic:  1/14       EV: 20    Int: 19    God:    Ashenzari [......]
Gold:   288        SH:  0    Dex: 21    Spells: 6/16 levels left

rFire   . . .      SeeInvis .   h - +0 mace (protect)
rCold   + + .      Faith    .   (no shield)
rNeg    + . .      Spirit   .   (helmet restricted)
rPois   .          Reflect  .   (no amulet)
rElec   .          Harm     .   c - +4 ring of evasion
rCorr   +          Rampage  .   e - ring of Duugouta {rC++ rCorr Str+6 Dex+2}
Will    +....                   w - +6 ring of dexterity
Stlth   +++++.....              C - ring of wizardry
HPRegen 0.15/turn               H - ring of willpower
MPRegen 0.14/turn               J - ring of positive energy
                                (no ring)
                                (no ring)

@: no status effects
A: almost no armour, amphibious, 8 rings, camouflage 1, gelatinous body 1,
(nimble swimmer 1), tentacles
a: Renounce Religion


You were on level 6 of the Dungeon.
You worshipped Ashenzari.
Ashenzari was noncommittal.
You visited 1 branch of the dungeon, and saw 6 of its levels.

You collected 288 gold pieces.

Inventory:

Hand Weapons
 b - a +1 hunting sling of venom
 h - a +0 mace of protection (weapon)
 x - a +1 dagger of venom
Missiles
 g - 125 stones
 q - a boomerang
 y - 18 poisoned darts
Magical Staves
 v - a staff of cold
Jewellery
 c - a +4 ring of evasion (left tentacle)
 e - the ring of Duugouta (right tentacle) {rC++ rCorr Str+6 Dex+2}
   (You acquired it on level 2 of the Dungeon)

   [ring of strength]

   Str:       It affects your strength (+6).
   Dex:       It affects your dexterity (+2).
   rC:        It greatly protects you from cold.
   rCorr:     It protects you from acid and corrosion.
 w - a +6 ring of dexterity (on tentacle)
 C - a ring of wizardry (on tentacle)
 F - an amulet of guardian spirit
 H - a ring of willpower (on tentacle)
 J - a ring of positive energy (on tentacle)
Wands
 u - a wand of acid (8)
 D - a wand of flame (10)
Scrolls
 d - a scroll of enchant weapon {unknown}
 f - 2 scrolls of teleportation
 j - a scroll of noise {unknown}
 k - a scroll of torment {unknown}
 l - a scroll of enchant armour {unknown}
 n - a scroll of holy word {unknown}
 o - a scroll of immolation {unknown}
 p - 2 scrolls of fear {unknown}
 r - 5 scrolls of amnesia {unknown}
 B - a scroll of vulnerability
 E - a scroll of magic mapping
 I - a scroll of brand weapon
Potions
 i - a potion of curing
 m - 2 potions of lignification
 s - a potion of magic {unknown}
 t - 2 potions of heal wounds {unknown}
 z - a potion of cancellation {unknown}
 A - a potion of mutation {unknown}
 G - a potion of invisibility {unknown}


   Skills:
 + Level 3.7 Slings
 + Level 4.9 Dodging
 + Level 6.9 Stealth
 + Level 4.6 Spellcasting
 + Level 4.5 Conjurations
 + Level 5.4 Fire Magic


You had 6 spell levels left.
You knew the following spells:

 Your Spells              Type           Power      Damage    Failure   Level
a - Foxfire               Conj/Fire      92%        2x1d8     1%          1
b - Scorch                Fire           48%        2d7       1%          2
c - Flame Wave            Conj/Fire      23%        2d7       7%          4
d - Searing Ray           Conj           42%        2d6       1%          2
e - Beastly Appendage     Tmut           8%         N/A       5%          1

Your spell library contained the following spells:

 Spells                   Type           Power      Damage    Failure   Level
 Magic Dart               Conj           84%        1d7       1%          1
 Conjure Flame            Conj/Fire      23%        6-21      1%          3
 Inner Flame              Hex/Fire       14%        N/A       5%          3
 Wereblood                Tmut           4%         N/A       9%          2
 Spider Form              Tmut/Pois      4%         N/A       16%         3
 Fulminant Prism          Conj/Hex       6%         3d7       21%         4


Dungeon Overview and Level Annotations

Branches:
Dungeon (6/15)             Temple (0/1) D:6

Altars:
Ashenzari
Yredelemnul

Shops:
D:2 :=([   D:3 [   D:5 [


Innate Abilities, Weirdness & Mutations

You cannot wear most types of armour.
You are amphibious.
You can wear up to eight rings at the same time.
Your skin changes colour to match your surroundings (Stealth+).
Your rubbery body absorbs attacks. (AC +1, EV +1)
((You are camouflaged when in or above water. (Stealth+)))
You have tentacles for arms and can constrict up to eight enemies at once.


Message History

Found a stone staircase leading up.
The foxfire hits the white ugly thing but does no damage.
The white ugly thing is heavily wounded.
The foxfire hits the white ugly thing but does no damage.
The white ugly thing is heavily wounded.
The bullfrog hits your shadow imp.
Your shadow imp barely misses the bullfrog.
Okay, then.
Okay, then.
The bullfrog hits your shadow imp.
Your shadow imp dies!
Your shadow imp dissolves into shadows!
The white ugly thing completely misses you.
Casting: Foxfire (safe; 1% risk of failure)
Confirm with . or Enter, or press ? or * to list all spells.
You conjure some foxfire!
The white ugly thing misses you.
You closely miss the white ugly thing. Your grab misses the white ugly thing.
The white ugly thing is moderately wounded.
The foxfire hits the white ugly thing.
The white ugly thing is heavily wounded.
The foxfire hits the white ugly thing.
The white ugly thing is heavily wounded.
Your orc wizard casts a spell.
Your orc wizard flickers and vanishes for a moment.
The white ugly thing closely misses you.
Casting: Foxfire (safe; 1% risk of failure)
Confirm with . or Enter, or press ? or * to list all spells.
You conjure some foxfire!
The bullfrog hits you.
* * * LOW HITPOINT WARNING * * *
The white ugly thing barely misses you.
You closely miss the white ugly thing. You grab the white ugly thing.
The white ugly thing is heavily wounded.
You constrict the white ugly thing.
The foxfire hits the white ugly thing.
The white ugly thing is severely wounded.
The foxfire hits the bullfrog!
You kill the bullfrog!
The white ugly thing trunk-slaps you.
* * * LOW HITPOINT WARNING * * *
The white ugly thing freezes you! You resist.
You die...

#... #... ... #.#
####.##### # #.
#........ .#
##...##.##..#### #..
......ยง@u.o..o.# ..
#######..##.##o##>##..#
#..##.##.........
#..##.##o#####...
####......#oo.......
#..<..##..#o#####...
#.###.##..#o# #.#
#.##..#.# #.#
#.##..#.######


You could see a white ugly thing (ally target), a friendly orc wizard (summoned,
invisible) and 2 friendly orcs.

Vanquished Creatures
  4 ogres
  A sky beast (D:6)
  A centaur (D:6)
  A phantom (D:5)
  A bullfrog (D:6)
  2 necrophages (D:6)
  4 scorpions
  2 hounds
  5 orc priests
  A jelly (D:4)
  An iguana (D:3)
  3 orc wizards
  6 adders
  A worm (D:2)
  A dart slug (D:2)
  16 orcs
  5 ball pythons
  3 bats
  7 endoplasms
  4 giant cockroaches
  8 goblins
  4 hobgoblins
  6 jackals (D:2)
  2 quokkas
  A frilled lizard (D:3)
  8 kobolds
  4 rats
102 creatures vanquished.

Vanquished Creatures (collateral kills)
  Grinder (D:5)
  An orc (D:5)
2 creatures vanquished.

Vanquished Creatures (others)
  180 foxfires
180 creatures vanquished.

Grand Total: 284 creatures vanquished

Notes
Turn   | Place    | Note
-------+----------+-------------------------------------------
     0 | D:1      | croobank the Octopode Fire Elementalist began the quest for
                  | the Orb.
     0 | D:1      | Reached XP level 1. HP: 11/11 MP: 3/3
   158 | D:1      | Reached XP level 2. HP: 17/17 MP: 0/5
   161 | D:1      | Learned a level 2 spell: Scorch
   247 | D:1      | Reached skill level 3 in Stealth
  1017 | D:2      | Found Xelioshe's Weapon Shoppe.
  1023 | D:2      | Found Paiqokes's Antique Armour Shoppe.
  1057 | D:2      | Reached XP level 3. HP: 21/21 MP: 0/6
  1140 | D:2      | Found Kassyloemn's Jewellery Shoppe.
  1206 | D:2      | Identified a scroll of acquirement
  1207 | D:2      | Acquired the ring of Duugouta {rC++ rCorr Str+6 Dex+2}
  1430 | D:2      | Found a faded altar of an unknown god.
  1906 | D:2      | Found Atys's Book Emporium.
  2075 | D:3      | Found Amom's Antique Armour Shoppe.
  2090 | D:3      | Reached XP level 4. HP: 27/27 MP: 3/7
  2261 | D:3      | Learned a level 4 spell: Flame Wave
  2660 | D:3      | Found a basalt altar of Yredelemnul.
  2728 | D:3      | Noticed a scorpion
  2747 | D:3      | Killed a scorpion
  2748 | D:3      | Reached skill level 4 in Stealth
  2748 | D:3      | Reached XP level 5. HP: 31/31 MP: 0/9
  3507 | D:3      | Reached skill level 1 in Slings
  3710 | D:4      | Reached XP level 6. HP: 36/36 MP: 1/10
  3984 | D:4      | Learned a level 2 spell: Searing Ray
  4594 | D:5      | Entered Level 5 of the Dungeon
  4634 | D:5      | Identified the +0 ring mail of Zolyenui {+Blink Int+4
                  | Dex-3}
  4763 | D:5      | Noticed Grinder
  4804 | D:5      | Reached skill level 5 in Stealth
  4804 | D:5      | Reached XP level 7. HP: 30/41 MP: 1/12
  5083 | D:5      | Killed Grinder
  5084 | D:5      | Reached XP level 8. HP: 46/46 MP: 8/13
  5480 | D:5      | Reached skill level 6 in Stealth
  5522 | D:5      | Found Asmem's Armour Shoppe.
  5703 | D:6      | Found a broken altar of Ashenzari.
  5716 | D:6      | Became a worshipper of Ashenzari the Shackled
  5800 | D:6      | Learned a level 1 spell: Beastly Appendage
  5866 | D:6      | Reached skill level 5 in Fire Magic
  6189 | D:6      | Found a staircase to the Ecumenical Temple.
  6195 | D:6      | Noticed a white ugly thing
  6216 | D:6      | Slain by a white ugly thing

Illustrated notes

Levels and vault maps discovered:
D:1:      minmay_arrival_diagonal_passages, layout_basic
D:2:      layout_basic, serial_shops, shop, shop, shop, shop,
          dreamdust_ecumenical_altar_hidden_monk_grotto
D:3:      layout_loops_corners, mainiacjoe_overflow_24_doors, serial_shops, shop
D:4:      layout_loops_cross, hangedman_decor_riveting,
          chequers_serial_rivers_small_b
D:5:      layout_cave_pools, serial_shops, nicolae_shop_behind_doors,
          uniq_grinder
D:6:      minmay_bubble_buster, layout_loops_ring,
          nicolae_overflow_crystal_walls, minmay_temple_entry_proselytizer,
          serial_shops, nicolae_shop_crystal, grunt_ministairs_8,
          minmay_fractal_squares_diagonal_5

Skill      XL: |  1  2  3  4  5  6  7  8 |
---------------+-------------------------+-----
Stealth        | 3 4 5 6 |  6.9
Conjurations   | 2 3 4 |  4.5
Dodging        | 3 4 |  4.9
Slings         | 1 2 3 |  3.7
Spellcasting   | 3 4 |  4.6
Fire Magic     | 4 5 |  5.4

Action                   |  1- 3 |  4- 6 |  7- 9 || total
-------------------------+-------+-------+-------++-------
Melee: Mace              |    10 |    30 |    27 ||    67
       Constrict         |     5 |    13 |     6 ||    24
       Tentacles         |     2 |     8 |     7 ||    17
       Kick              |       |       |     2 ||     2
       Punch             |       |       |     1 ||     1
 Cast: Foxfire           |    43 |    38 |    32 ||   113
       Scorch            |    10 |    26 |    29 ||    65
       Beastly Appendage |       |       |     2 ||     2
  Use: Scroll            |     4 |     5 |     7 ||    16
       Potion            |       |     2 |       ||     2
 Stab: Sleeping          |       |       |     1 ||     1
Armor: Skin              |     2 |    10 |     8 ||    20
Dodge: Dodged            |    18 |    51 |    53 ||   122

Table legend: (Time is in decaauts)
 A = Elapsed time spent in this place.
 B = Non-inter-level travel time spent in this place.
 C = Inter-level travel time spent in this place.
 D = Time resting spent in this place.
 E = Time spent auto-exploring this place.
 F = Levels seen in this place.
 G = Mean time per level.
                   A        B        C        D        E       F      G
               +--------+--------+--------+--------+--------+-----+--------+
         Total |   6240 |   6160 |     80 |    697 |   4426 |   6 | 1040.0 |
       Dungeon |   6240 |   6160 |     80 |    697 |   4426 |   6 | 1040.0 |
               +--------+--------+--------+--------+--------+-----+--------+

Top non-repeatable levels by time:
     D:3: 1628 daAuts
     D:2: 1176 daAuts
     D:5: 1078 daAuts
     D:1: 901 daAuts
     D:4: 899 daAuts
     D:6: 557 daAuts
